 Dungeon Crawl Stone Soup version 0.27-a0-412-g8dd771e (webtiles) character file.

Game seed: 17339590900140165607

5320 MrTaco21 the Basher (level 10, -6/56 HPs)
             Began as a Gargoyle Fighter on Feb 23, 2021.
             Was a High Priest of Okawaru.
             Splashed by an orc's acid (11 damage)
             ... on level 8 of the Dungeon.
             The game lasted 00:11:26 (8845 turns).

MrTaco21 the Basher (Gargoyle Fighter)              Turns: 8845, Time: 00:11:27

Health: -6/56      AC: 15    Str: 23    XL:     10   Next: 64%
Magic:  10/10      EV: 10    Int:  9    God:    Okawaru [*****.]
Gold:   474        SH: 12    Dex:  9    Spells: 9/9 levels left

rFire    . . .     SeeInvis +   J - +6 flail (protect)
rCold    x . .     Faith    .   c - +0 kite shield
rNeg     + + +     Spirit   .   C - +0 robe "Oneel" {rC- rN++ Will+ SInv}
rPois    ∞         Reflect  .   o - +1 hat
rElec    +         Harm     .   i - +0 cloak
rCorr    .         Rampage  .   (no gloves)
Will     +....                  A - +0 pair of boots
Stlth    +.........             E - amulet of the acrobat
HPRegen  0.18/turn              k - +4 ring of protection
MPRegen  0.12/turn              (no ring)

@: corroded, protection aura
A: negative energy resistance 1, electricity resistance, unbreathing,
petrification resistance, miasma immunity, AC +7
a: Renounce Religion, Heroism, Finesse


You were on level 8 of the Dungeon.
You worshipped Okawaru.
Okawaru was extremely pleased with you.
You visited 2 branches of the dungeon, and saw 10 of its levels.
You also visited: Ossuary.

You collected 474 gold pieces.

Inventory:

Hand Weapons
 J - a +6 flail of protection (weapon)
   (You took it off an orc on level 7 of the Dungeon)
Missiles
 q - 73 poisoned darts (quivered)
 G - a throwing net {!f}
Armour
 b - a +0 scale mail
 c - a +0 kite shield (worn)
 i - a +0 cloak (worn)
   (You found it on level 2 of the Dungeon)
 o - a +1 hat (worn)
   (You found it on level 3 of the Dungeon)
 t - the +1 ring mail of Anuhomoh {Rampage rF- Regen+ Int+4}
   (You found it on level 4 of the Dungeon)

   It affects your intelligence (+4).
   It makes you vulnerable to fire.
   It increases your rate of regeneration.
   It bestows one free step when moving towards enemies.
 A - a +0 pair of boots (worn)
   (You found it on level 5 of the Dungeon)
 C - the +0 robe "Oneel" (worn) {rC- rN++ Will+ SInv}
   (You found it on level 5 of the Dungeon)

   It makes you vulnerable to cold.
   It greatly protects you from negative energy.
   It affects your willpower, your defense against some magical effects.
   It lets you see invisible.
Jewellery
 k - a +4 ring of protection (left hand)
   (You found it on level 2 of the Dungeon)
 E - an amulet of the acrobat (around neck)
   (You found it on level 5 of the Dungeon)
Wands
 a - a wand of mindburst (9)
   (You found it on level 7 of the Dungeon)
 d - a wand of iceblast (12)
   (You found it on level 4 of the Dungeon)
 u - a wand of paralysis (5)
   (You took it off Psyche on level 8 of the Dungeon)
 v - a wand of digging (5)
   (You found it on level 7 of the Dungeon)
 K - a wand of polymorph (4)
   (You found it on level 4 of the Dungeon)
Scrolls
 e - 5 scrolls of blinking {unknown}
 f - 2 scrolls of immolation {unknown}
 g - 14 scrolls of identify {unknown}
 h - 7 scrolls of teleportation {unknown}
 m - 2 scrolls of random uselessness {unknown}
 n - 2 scrolls of fog {unknown}
 p - a scroll of enchant armour {unknown}
 r - a scroll of enchant weapon {unknown}
 y - a scroll of holy word {unknown}
 F - 2 scrolls of torment {unknown}
 I - a scroll of fear {unknown}
Potions
 j - 4 potions of heal wounds {unknown}
 l - 2 potions of mutation {unknown}
 s - 3 potions of might
 w - 2 potions of degeneration {unknown}
 x - a potion of flight {unknown}
 z - a potion of ambrosia {unknown}
 B - 2 potions of lignification {unknown}
 D - a potion of curing {unknown}
 H - 2 potions of haste {unknown}
 L - a potion of magic {unknown}
 M - a potion of attraction {unknown}


   Skills:
 - Level 3.2 Fighting
 - Level 12.0 Maces & Flails
 - Level 3.2 Armour
 + Level 11.1 Shields


You had 9 spell levels left.
You didn't know any spells.
Your spell library contained the following spells:

 Spells                   Type           Power        Failure   Level
 Confusing Touch          Hex            0%           89%         3
 Gell's Gravitas          Tloc           0%           89%         3
 Petrify                  Tmut/Erth      0%           100%        4
 Metabolic Englaciation   Hex/Ice        0%           100%        5
 Yara's Violent Unravell  Hex/Tmut       0%           100%        5


Dungeon Overview and Level Annotations

Branches:
Dungeon (9/15)             Temple (1/1) D:6         Ossuary (visited)
   Lair: D:8-11         Orc: D:9-12

Altars:
Ashenzari
Cheibriados
Dithmenos
Elyvilon
Fedhas
Gozag
Hepliaklqana
Kikubaaqudgha
Makhleb
Nemelex Xobeh
Okawaru
Qazlal
Ru
Sif Muna
Trog
Uskayaw
Vehumet
Wu Jian
Xom
Yredelemnul
Zin
The Shining One

Shops:
D:6 (


Innate Abilities, Weirdness & Mutations

You are resistant to torment.
Your stone body is resilient. (AC +7)
You are immune to poison.
You resist negative energy. (rN+)
You are resistant to electric shocks. (rElec)
You can survive without breathing.
You are immune to petrification.
You are immune to miasma.


Message History

There is a stone staircase leading down here.
You sock the ufetubus!
Your weapon exudes an aura of protection.
You kill the ufetubus!
Okawaru accepts your kill.
You start resting.
There is a stone staircase leading down here.
You climb downwards.
There is a stone staircase leading up here.
An orc wizard is nearby!
An orc wizard is nearby!
An orc wizard is nearby!
The orc wizard points at you and mumbles some strange words.
The magic dart hits you!
The orc shouts!
You see here a +0 hand axe.
There is a stone staircase leading up here.
The orc wizard gestures at itself while chanting.
The orc wizard flickers and vanishes for a moment.
The orc wizard shouts!
You block the orc wizard's attack. The orc closely misses you.
The orc priest calls down the wrath of Beogh upon you.
The orc wizard writhes in agony!
The orc wizard completely misses you.
The orc wizard points at itself and mumbles some strange words.
The orc wizard flickers and vanishes for a moment.
The orc completely misses you.
The orc zaps a wand.
The bolt of acid hits you but does no damage.
The acid corrodes you!
You are splashed with acid!
The orc priest invokes the aid of Beogh against you.
Beogh smites you! The orc wizard closely misses you.
The orc closely misses you.
You climb upwards.
There is a stone staircase leading down here.
You barely miss the orc wizard.
The orc zaps a wand.
The bolt of acid hits you!
* * * LOW HITPOINT WARNING * * *
The acid corrodes you!
You are splashed with acid!
* * * LOW HITPOINT WARNING * * *
You block the orc wizard's attack. The orc wizard barely misses you.
The orc closely misses you.
You hit the orc wizard but do no damage.
Your weapon exudes an aura of protection.
The orc zaps a wand.
The bolt of acid hits you!
* * * LOW HITPOINT WARNING * * *
You are splashed with acid!
You die...

.#.# #.#####.# .#.# #.# #.#
######### ...# #.# #.# #.......#
...# #"# #<# #...P...#
...#####.# #.# #..≈≈≈≈.#
.........#####.#########..≈≈≈≈.#
...........................≈≈..#
..##########...o########....≈≈.#
............8.[o@o........P.≈..#
#.........##8...o########.######
####...##.##.8...#.........#
#.........####.#.#.........##
#.##.#.#..# #.#.#..........#
...#.#.#..####...#..........#
#..#(###..#.###############.#
#..#.# #..#.#.............#.#
...#.# #..#.#.............#.#


You could see 2 orc wizards and 2 orcs.

Vanquished Creatures
  A kobold demonologist (D:8)
  Psyche (D:8)
  3 yaks (D:8)
  An ice beast (D:9)
  2 sky beasts (D:6)
  2 orc warriors (D:9)
  A black bear (D:9)
  2 necrophages
  8 ogres
  2 centaurs
  9 kobold brigands (D:8)
  8 bullfrogs
  A water moccasin zombie (D:6)
  4 scorpions
  2 wights (D:8)
  2 bullfrog zombies
  2 centaur zombies (Ossuary)
  4 jellies
  An orc priest (D:7)
  8 hounds
  A gnoll shaman (D:6)
  9 orc wizards
  3 worker ants
  3 hound zombies
  A hound skeleton (D:5)
  9 mummies
  8 gnolls
  12 adders
  2 shadow imps (D:8)
  2 white imps
  2 ufetubi
  4 oozes
  2 adder skeletons
  An adder zombie (D:8)
  A worm (D:2)
  2 dart slugs
  2 leopard geckos (D:4)
  38 orcs
  5 giant cockroaches
  6 goblins
  12 hobgoblins
  2 quokkas (D:6)
  2 ball pythons (D:2)
  4 bats
  5 frilled lizards
  4 hobgoblin zombies (Ossuary)
  33 kobolds
  11 kobold skeletons (D:8)
  7 kobold zombies (D:8)
  A quokka zombie (D:8)
  9 rats
267 creatures vanquished.

Notes
Turn   | Place    | Note
-------+----------+-------------------------------------------
     0 | D:1      | MrTaco21 the Gargoyle Fighter began the quest for the Orb.
     0 | D:1      | Reached XP level 1. HP: 14/14 MP: 1/1
    80 | D:1      | Reached XP level 2. HP: 19/19 MP: 2/2
   204 | D:1      | Reached skill level 3 in Maces & Flails
   240 | D:1      | Reached XP level 3. HP: 15/23 MP: 3/3
  1060 | D:2      | Reached skill level 4 in Maces & Flails
  1188 | D:2      | Found an iron altar of Okawaru.
  1302 | D:2      | Reached XP level 4. HP: 26/28 MP: 4/4
  1859 | D:2      | Found a glowing golden altar of the Shining One.
  2261 | D:2      | Became a worshipper of Warmaster Okawaru
  2326 | D:3      | Reached skill level 5 in Maces & Flails
  2330 | D:3      | Reached XP level 5. HP: 24/32 MP: 5/5
  2469 | D:3      | Found a blossoming altar of Fedhas.
  2576 | D:3      | Found a blossoming altar of Fedhas.
  2831 | D:4      | Noticed an ogre
  3061 | D:4      | Killed an ogre
  3062 | D:4      | Reached skill level 6 in Maces & Flails
  3062 | D:4      | Reached XP level 6. HP: 30/37 MP: 6/6
  3185 | D:4      | Reached * piety under Okawaru
  3445 | D:4      | Got a translucent ring mail
  3477 | D:4      | Identified the +1 ring mail of Anuhomoh {Rampage rF- Regen+
                  | Int+4} (You found it on level 4 of the Dungeon)
  3648 | D:4      | Found a basalt altar of Yredelemnul.
  3661 | D:4      | Found a bloodstained altar of Trog.
  3685 | D:5      | Entered Level 5 of the Dungeon
  3690 | D:5      | Reached skill level 7 in Maces & Flails
  3726 | D:5      | Reached XP level 7. HP: 37/41 MP: 7/7
  3797 | D:5      | Found a sand-covered staircase.
  3813 | Ossuary  | Entered an ossuary
  3831 | Ossuary  | Reached skill level 8 in Maces & Flails
  4064 | D:5      | Found a hide-covered altar of Uskayaw.
  4101 | D:5      | Reached ** piety under Okawaru
  4134 | D:5      | Found a stormy altar of Qazlal.
  4171 | D:5      | Reached skill level 9 in Maces & Flails
  4171 | D:5      | Reached XP level 8. HP: 24/46 MP: 8/8
  4339 | D:5      | Got a shadowed robe
  4422 | D:5      | Identified the +0 robe "Oneel" {rC- rN++ Will+ SInv} (You
                  | found it on level 5 of the Dungeon)
  4432 | D:6      | Found a staircase to the Ecumenical Temple.
  4481 | Temple   | Entered the Ecumenical Temple
  4809 | D:6      | Reached skill level 10 in Maces & Flails
  5202 | D:6      | Reached skill level 11 in Maces & Flails
  5241 | D:6      | Reached XP level 9. HP: 51/51 MP: 9/9
  5282 | D:6      | Reached *** piety under Okawaru
  5472 | D:6      | Found Kagras's Antique Weapon Emporium.
  5679 | D:6      | Found an opulent altar of Gozag.
  5841 | D:6      | Found a glowing silver altar of Zin.
  6263 | D:7      | Reached skill level 12 in Maces & Flails
  6747 | D:7      | Reached skill level 5 in Shields
  7495 | D:8      | Reached **** piety under Okawaru
  7528 | D:8      | Reached XP level 10. HP: 54/56 MP: 10/10
  7581 | D:8      | Found an ancient bone altar of Kikubaaqudgha.
  7581 | D:8      | Noticed a kobold demonologist
  7590 | D:8      | Killed a kobold demonologist
  7696 | D:8      | Got an ancient platinum amulet
  7723 | D:8      | Identified the amulet of Yendor {RegenMP Str-4 Int+8 Dex+2}
                  | (You found it on level 8 of the Dungeon)
  7772 | D:8      | Found a flagged portal.
  7841 | D:8      | Noticed Psyche
  7846 | D:8      | Paralysed by Psyche for 5 turns
  7855 | D:8      | Killed Psyche
  7881 | D:8      | Found a stormy altar of Qazlal.
  8110 | D:8      | Reached skill level 10 in Shields
  8328 | D:9      | Received a gift from Okawaru
  8551 | D:9      | Reached ***** piety under Okawaru
  8845 | D:8      | Splashed by an orc's acid

Illustrated notes

Levels and vault maps discovered:
D:1:      dpeg_arrival_morbid_curiosity, layout_basic
D:2:      layout_basic, general_overflow_altar, nicolae_overflow_hidden_temple,
          minmay_hexomino_u4
D:3:      layout_rooms, lemuel_coloured_pillars_altar, fedhas_altar_fruit_tree
D:4:      layout_rooms, amethyst_overflow_temple_binary
D:5:      layout_gridville, kennysheep_mini_moat, lemuel_crystal_altar,
          lightli_ossuary_entry_decrepit_ruins
D:6:      layout_basic, pdpol_temple_overflow_zin_treasury_gozag_greed,
          minmay_temple_entry_slanted, serial_shops, shop,
          kennysheep_generic_room_5
D:7:      kennysheep_six_static_rooms, layout_layer_cave
D:8:      wander_kiku_kobolds, layout_basic, serial_undead, serial_undead_b,
          serial_undead_c, serial_undead_a, serial_undead_f, serial_undead_f,
          serial_undead_f, serial_undead_c, serial_undead_c, enter_bailey_2,
          grunt_qazlal_clouds, uniq_psyche
D:9:      minmay_cornered_nines, layout_layer_cave, nrook_mini_vaults
Temple:   oiseaux_autumnal_temple

Skill      XL: |  1  2  3  4  5  6  7  8  9 10 |
---------------+-------------------------------+-----
Maces & Flails | 3 4 5 6 7 9 11 12 | 12.0
Shields        | 7 11 | 11.1
Fighting       | |  3.2
Armour         | |  3.2

Action                   |  1- 3 |  4- 6 |  7- 9 | 10-12 || total
-------------------------+-------+-------+-------+-------++-------
Melee: Flail             |    93 |   218 |   471 |   243 ||  1025
Armor: Scale mail        |    59 |   161 |       |       ||   220
       Ring mail         |       |    34 |    66 |       ||   100
       Robe              |       |       |   186 |   137 ||   323
Dodge: Dodged            |    41 |   107 |   161 |   114 ||   423
Block: Kite shield       |    66 |   146 |   238 |   165 ||   615

Table legend: (Time is in decaauts)
 A = Elapsed time spent in this place.
 B = Non-inter-level travel time spent in this place.
 C = Inter-level travel time spent in this place.
 D = Time resting spent in this place.
 E = Time spent auto-exploring this place.
 F = Levels seen in this place.
 G = Mean time per level.
                   A        B        C        D        E       F      G
               +--------+--------+--------+--------+--------+-----+--------+
         Total |   9013 |   8568 |    445 |    817 |   5707 |  11 |  819.4 |
       Dungeon |   8570 |   8162 |    408 |    796 |   5424 |   9 |  952.2 |
        Temple |    295 |    258 |     37 |      0 |    256 |   1 |  295.0 |
       Ossuary |    147 |    147 |      0 |     21 |     27 |   1 |  147.0 |
               +--------+--------+--------+--------+--------+-----+--------+

Top non-repeatable levels by time:
     D:8: 1358 daAuts
     D:2: 1300 daAuts
     D:6: 1179 daAuts
     D:7: 1093 daAuts
     D:1: 1035 daAuts
     D:5: 804 daAuts
     D:3: 779 daAuts
     D:4: 685 daAuts
     D:9: 334 daAuts
  Temple: 295 daAuts
 Ossuary: 147 daAuts
